 Dungeon Crawl Stone Soup version 0.29-a0-872-g797fff5ad1 (webtiles) character file.

Game seed: 4517842992497908504

3789 magipi the Cudgeller (level 9, -1/75 HPs)
             Began as a Minotaur Gladiator on July 18, 2022.
             Was a Believer of Ru.
             Slain by a five-headed hydra (3 damage)
             ... on level 9 of the Dungeon.
             The game lasted 00:18:45 (7722 turns).

magipi the Cudgeller (Minotaur Gladiator)           Turns: 7722, Time: 00:18:46

Health: -1/75      AC: 15    Str: 23    XL:     9   Next: 95%
Magic:  8/8        EV:  8    Int:  5    God:    Ru [**....]
Gold:   10         SH: 18    Dex: 12    Spells: 8/8 levels left

rFire   . . .      SeeInvis .   b - +2 whip (elec)
rCold   . . .      Faith    .   M - +2 tower shield {AC+3}
rNeg    . . .      Spirit   .   l - +3 scale mail
rPois   +          Reflect  +   c - +0 hat
rElec   .          Harm     .   p - +0 cloak {rPois}
rCorr   .          Rampage  .   (no gloves)
Will    .....                   g - +0 pair of boots
Stlth   ..........              r - amulet of reflection
HPRegen 0.22/turn               (no ring)
MPRegen 0.11/turn               (no ring)

@: no status effects
A: horns 2, no stealth, unskilled 1, retaliatory headbutt
a: Renounce Religion


You were on level 9 of the Dungeon.
You worshipped Ru.
Ru was pleased with you.
You visited 1 branch of the dungeon, and saw 9 of its levels.

You collected 507 gold pieces.
You spent 497 gold pieces at shops.

Inventory:

Hand Weapons
 a - a +0 trident
 b - a +2 whip of electrocution (weapon)
   (You took it off a kobold on level 3 of the Dungeon)
 v - a +0 morningstar
   (You took it off an orc on level 4 of the Dungeon)
 K - a +0 war axe of flaming
   (You took it off Maggie on level 7 of the Dungeon)
Missiles
 d - 4 throwing nets
 e - a javelin
 o - 24 poisoned darts
 t - 3 silver boomerangs (quivered)
 H - 7 boomerangs
 N - 5 boomerangs of dispersal
Armour
 c - a +0 hat (worn)
 g - a +0 pair of boots (worn)
   (You found it on level 1 of the Dungeon)
 l - a +3 scale mail (worn)
   (You found it on level 2 of the Dungeon)
 p - a +0 cloak of poison resistance (worn)
   (You bought it in a shop on level 4 of the Dungeon)
 L - +0 acid dragon scales
   (You took it off Maggie on level 7 of the Dungeon)
 M - a +2 tower shield of protection (worn)
   (You bought it in a shop on level 8 of the Dungeon)
Jewellery
 r - an amulet of reflection (around neck)
   (You found it on level 4 of the Dungeon)
Wands
 y - a wand of roots (11)
   (You found it on level 4 of the Dungeon)
 B - a wand of polymorph (14)
   (You found it on level 5 of the Dungeon)
 C - a wand of flame (17)
   (You found it on level 5 of the Dungeon)
Scrolls
 h - 8 scrolls of identify {unknown}
 i - a scroll of summoning {unknown}
 j - 5 scrolls of teleportation {unknown}
 q - 3 scrolls of enchant armour {unknown}
 x - a scroll of poison
 A - 2 scrolls of immolation {unknown}
 D - a scroll of vulnerability {unknown}
 E - a scroll of fog {unknown}
 F - a scroll of silence {unknown}
 I - 2 scrolls of enchant weapon {unknown}
Potions
 f - 2 potions of heal wounds
 k - 3 potions of flight {unknown}
 m - 3 potions of might
 n - 3 potions of brilliance {unknown}
 s - a potion of degeneration {unknown}
 u - 4 potions of curing {unknown}
 w - 2 potions of attraction {unknown}
 z - a potion of cancellation {unknown}
 G - a potion of magic {unknown}
 J - a potion of resistance {unknown}


   Skills:
 - Level 6.1 Fighting
 * Level 7.9 Maces & Flails
 - Level 4.4 Polearms
 + Level 5.4 Throwing
 + Level 5.3 Armour
 + Level 6.4 Dodging
 + Level 1.3 Shields
 + Level 3.7 Evocations


You had 8 spell levels left.
You didn't know any spells.
Your spell library contained the following spells:

 Spells                   Type           Power      Damage    Failure   Level
 Foxfire                  Conj/Fire      0%         2x1d4     100%        1
 Necrotise                Necr           0%         1d4       100%        1
 Ensorcelled Hibernation  Hex/Ice        0%         N/A       100%        2
 Passwall                 Tmut/Erth      0%         N/A       100%        2
 Sublimation of Blood     Necr           0%         N/A       100%        2
 Conjure Flame            Conj/Fire      0%         6-21      100%        3
 Inner Flame              Hex/Fire       0%         N/A       100%        3
 Spider Form              Tmut/Pois      0%         N/A       100%        3
 Stone Arrow              Conj/Erth      0%         3d7       100%        3
 Swiftness                Air            0%         N/A       100%        3
 Vampiric Draining        Necr           0%         2d6       100%        3
 Anguish                  Hex/Necr       0%         N/A       100%        4
 Animate Armour           Summ/Erth      0%         N/A       100%        4
 Flame Wave               Conj/Fire      0%         2d4       100%        4
 Petrify                  Tmut/Erth      0%         N/A       100%        4
 Agony                    Necr           0%         N/A       100%        5
 Irradiate                Conj/Tmut      0%         3d11      100%        5
 Lehudib's Crystal Spear  Conj/Erth      0%         10d2      100%        8


Dungeon Overview and Level Annotations

Branches:
Dungeon (9/15)             Temple (0/1) D:7            Lair (0/5) D:8
    Orc: D:9-12

Altars:
Ashenzari
Fedhas
Gozag
Hepliaklqana
Kikubaaqudgha
Nemelex Xobeh
Qazlal
Ru
Uskayaw
Wu Jian
Yredelemnul
Zin

Shops:
D:4 *   D:8 [

Annotations:
D:3 1 transporter, Megaraah's ghost, amateur MiFi
D:8 3 runed translucent doors, eyesofgods1's ghost, novice OpHu


Innate Abilities, Weirdness & Mutations

You have a pair of horns on your head.
You cannot be stealthy.
You are somewhat unskilled. (-1 Apt)
You reflexively headbutt those who attack you in melee.


Message History

Found 5 boomerangs of dispersal.
Found a twisted smoking staff.
Found 18 gold pieces.
N - 5 boomerangs of dispersal
Found a potion of might and a shiny chain mail.
A bullfrog comes into view.
A five-headed hydra comes into view.
You hit the bullfrog.
The bullfrog is lightly wounded.
You block the bullfrog's attack.
The bullfrog hits you but does no damage.
You hit the bullfrog.
The bullfrog is heavily wounded.
You block the bullfrog's attack. The bullfrog barely misses you.
You block the bullfrog's attack.
You closely miss the bullfrog.
The bullfrog is heavily wounded.
You block the bullfrog's attack. x2
You whack the bullfrog!
Lightning courses through the bullfrog!!
You kill the bullfrog!
Unknown command.
Unknown command.
Throw: 3 boomerangs (silver)
Press: ? - help, Q - select action, (/) - cycle Shift-Dir - straight line, f - five-headed hydra
Aim: a five-headed hydra (80% to hit)
You throw a silver boomerang.
The silver boomerang hits the five-headed hydra.
The five-headed hydra is lightly wounded.
The five-headed hydra bites you but does no damage.
You block the five-headed hydra's attack.
The five-headed hydra bites you but does no damage. x2
The five-headed hydra bites you.
Unknown command.
You whack the five-headed hydra!
The five-headed hydra is moderately wounded.
The five-headed hydra bites you.
You block the five-headed hydra's attack.
The five-headed hydra bites you but does no damage.
You block the five-headed hydra's attack. x2
You hit the five-headed hydra. You headbutt the five-headed hydra.
The five-headed hydra is moderately wounded.
You block the five-headed hydra's attack.
The five-headed hydra bites you but does no damage.
The five-headed hydra bites you.
The five-headed hydra bites you but does no damage.
You block the five-headed hydra's attack.
You hit the five-headed hydra. You headbutt the five-headed hydra!
The five-headed hydra is heavily wounded.
You block the five-headed hydra's attack.
The five-headed hydra bites you!
You block the five-headed hydra's attack.
The five-headed hydra bites you but does no damage. x2
The five-headed hydra bites you. x2; The five-headed hydra bites you!
The five-headed hydra bites you.
You block the five-headed hydra's attack.
You are too injured to fight recklessly!
Unknown command.
You are too injured to fight recklessly!
Unknown command.
You are too injured to fight recklessly!
Unknown command.
You hit the five-headed hydra.
The five-headed hydra is heavily wounded.
The five-headed hydra bites you. The five-headed hydra bites you!
* * * LOW HITPOINT WARNING * * *
The five-headed hydra bites you but does no damage.
The five-headed hydra closely misses you.
You block the five-headed hydra's attack.
Unknown command.
Unknown command.
Unknown command.
Okay, then.
Unknown command.
You hit the five-headed hydra. You headbutt the five-headed hydra.
The five-headed hydra is heavily wounded.
The five-headed hydra bites you.
* * * LOW HITPOINT WARNING * * *
The five-headed hydra bites you but does no damage. x2
You block the five-headed hydra's attack.
The five-headed hydra bites you!
* * * LOW HITPOINT WARNING * * *
Unknown command.
Unknown command.
You whack the five-headed hydra!
The five-headed hydra is severely wounded.
You block the five-headed hydra's attack.
The five-headed hydra bites you.
* * * LOW HITPOINT WARNING * * *
You block the five-headed hydra's attack.
The five-headed hydra bites you.
* * * LOW HITPOINT WARNING * * *
The five-headed hydra barely misses you.
Unknown command.
Unknown command.
You barely miss the five-headed hydra.
The five-headed hydra is heavily wounded.
You block the five-headed hydra's attack. x2
The five-headed hydra bites you.
You die...

###...............
#............... .
##........##....
.. #.......## #...
..$ #.......# ...
.... ##......# ..
.....####......#
........#......#
...........@..##
...
...####....D..##
#..# #####.†..##
#...# ###...##
...# ##...##...#
#........#
##........##
#.......|..###
#.....#........


You could see a five-headed hydra.

Vanquished Creatures
  Maggie (D:7)
  A yak (D:8)
  A steam dragon (D:6)
  3 water moccasins
  3 orc warriors
  2 black bears (D:8)
  2 sky beasts (D:6)
  2 ogres
  2 centaurs
  A kobold brigand (D:8)
  3 bullfrogs
  14 wights
  4 killer bees
  3 hounds
  6 orc priests
  A gnoll bouda (D:6)
  2 iguanas (D:6)
  7 orc wizards
  4 gnolls (D:6)
  12 adders
  2 white imps
  2 ufetubi
  A dart slug (D:1)
  37 orcs
  13 ball pythons
  4 bats
  9 endoplasms
  3 giant cockroaches
  13 goblins
  9 hobgoblins
  5 jackals
  11 kobolds
  3 frilled lizards
  6 rats
192 creatures vanquished.

Vanquished Creatures (others)
  14 fungi (D:8)
  32 plants
  5 withered plants (D:5)
51 creatures vanquished.

Grand Total: 243 creatures vanquished

Notes
Turn   | Place    | Note
-------+----------+-------------------------------------------
     0 | D:1      | magipi the Minotaur Gladiator began the quest for the Orb.
     0 | D:1      | Reached XP level 1. HP: 18/18 MP: 0/0
   164 | D:1      | Reached XP level 2. HP: 25/25 MP: 1/1
   980 | D:2      | Reached XP level 3. HP: 30/30 MP: 2/2
  1293 | D:2      | Reached XP level 4. HP: 38/38 MP: 3/3
  1343 | D:2      | Found a faded altar of an unknown god.
  1421 | D:2      | Found a stormy altar of Qazlal.
  1873 | D:3      | Found a broken altar of Ashenzari.
  1931 | D:3      | Reached skill level 1 in Maces & Flails
  1954 | D:3      | Found a glowing silver altar of Zin.
  1958 | D:3      | Reached XP level 5. HP: 45/45 MP: 4/4
  1962 | D:3      | Found a sacrificial altar of Ru.
  1964 | D:3      | Reached skill level 1 in Armour
  1981 | D:3      | Became a worshipper of Ru the Awakened
  2230 | D:3      | Found a transporter.
  2231 | D:3      | Noticed Megaraah's ghost (amateur MiFi)
  2232 | D:3      | Noticed an ogre
  2233 | D:3      | Identified the +6 great mace of Emnausil {vorpal, Str-4
                  | Dex+7 SInv}
  2233 | D:3      | Noticed an ogre
  2914 | D:4      | Reached skill level 2 in Maces & Flails
  2970 | D:4      | Found Ymeggib's Serpentskin Sales.
  2970 | D:4      | Noticed a water moccasin
  2984 | D:4      | Killed a water moccasin
  2985 | D:4      | Reached XP level 6. HP: 38/52 MP: 5/5
  2994 | D:4      | Bought a +0 cloak of poison resistance for 119 gold pieces
  2994 | D:4      | Bought a scroll of poison for 56 gold pieces
  3224 | D:4      | Gained mutation: You are somewhat unskilled. (-1 Apt) [Ru
                  | sacrifice]
  3224 | D:4      | Reached * piety under Ru
  3228 | D:4      | Found a sparkling altar of Nemelex Xobeh.
  3321 | D:5      | Entered Level 5 of the Dungeon
  3496 | D:5      | Reached skill level 3 in Maces & Flails
  3557 | D:5      | Noticed a water moccasin
  3566 | D:5      | Killed a water moccasin
  3567 | D:5      | Reached XP level 7. HP: 59/59 MP: 6/6
  3835 | D:5      | Found a blossoming altar of Fedhas.
  3841 | D:5      | Reached skill level 1 in Evocations
  3842 | D:5      | Found an ancient bone altar of Kikubaaqudgha.
  4134 | D:6      | Found an opulent altar of Gozag.
  4221 | D:6      | Reached skill level 4 in Maces & Flails
  4231 | D:6      | Noticed a steam dragon
  4240 | D:6      | Killed a steam dragon
  4378 | D:6      | Reached XP level 8. HP: 67/67 MP: 7/7
  4426 | D:6      | Reached skill level 5 in Dodging
  4542 | D:6      | Reached skill level 5 in Maces & Flails
  4653 | D:6      | Found a hazy altar of Hepliaklqana.
  4668 | D:6      | Reached skill level 5 in Fighting
  5163 | D:7      | Found an ornate altar of the Wu Jian Council.
  5163 | D:7      | Found a basalt altar of Yredelemnul.
  5233 | D:7      | Found a staircase to the Ecumenical Temple.
  5339 | D:7      | Reached skill level 6 in Maces & Flails
  5359 | D:7      | Reached XP level 9. HP: 57/74 MP: 8/8
  5377 | D:7      | Gained mutation: You cannot be stealthy. [Ru sacrifice]
  5377 | D:7      | Reached ** piety under Ru
  5706 | D:7      | Noticed Maggie
  5716 | D:7      | Killed Maggie
  6290 | D:8      | Reached skill level 7 in Maces & Flails
  6298 | D:8      | Reached skill level 5 in Throwing
  6320 | D:8      | Found a staircase to the Lair.
  6407 | D:8      | Reached skill level 5 in Armour
  6477 | D:8      | Found a runed translucent gate.
  6478 | D:8      | Found a runed translucent gate.
  6479 | D:8      | Found a runed translucent gate.
  6480 | D:8      | Noticed eyesofgods1's ghost (novice OpHu)
  6480 | D:8      | Noticed a spectral unseen horror
  6481 | D:8      | Noticed a spectral unseen horror
  6481 | D:8      | Noticed a spectral unseen horror
  6646 | D:8      | Found Kurres's Armour Shop.
  6657 | D:8      | Bought a +2 tower shield of protection for 322 gold pieces
  7278 | D:8      | Reached skill level 1 in Shields
  7361 | D:8      | Found a hide-covered altar of Uskayaw.
  7702 | D:9      | Noticed a five-headed hydra
  7721 | D:9      | HP: 3/75 [five-headed hydra (4)]
  7722 | D:9      | Slain by a five-headed hydra

Illustrated notes

Levels and vault maps discovered:
D:1:      matt_arrival_grand_opening, layout_basic
D:2:      layout_loops_ring, basic_ecumenical_altar, basic_altar, minmay_cut_off
D:3:      minmay_angry_zag, layout_loops_cross, evilmike_ruin_ashenzari,
          mainiacjoe_overflow_big_doors, gammafunk_ghost_smash
D:4:      layout_loops_ring, nemelex_dance_club_becter, serial_glass,
          glass_columns_c, glass_columns_a, glass_columns_a, glass_columns_b,
          glass_columns_a, glass_columns_a, glass_columns_b, glass_columns_b,
          guppyfry_shop_venom
D:5:      layout_loops_cross, grunt_temple_overflow_growth_and_decay
D:6:      layout_rooms, overflow_temple_1_default,
          nicolae_hepliaklqana_hazy_memory
D:7:      layout_basic, grunt_temple_overflow_open,
          minmay_temple_entry_purple_smoke, hangedman_decor_diamond_cutter,
          uniq_maggie
D:8:      layout_loops_corners, old_standard_altar,
          grunt_lair_entry_orc_guard_hut, gammafunk_ghost_necromancy,
          serial_shops, shop
D:9:      layout_layer_cave, orc_0_dummy

Skill      XL: |  1  2  3  4  5  6  7  8  9 |
---------------+----------------------------+-----
Polearms       | 4 |  4.4
Fighting       | 3 4 4 5 6 |  6.1
Dodging        | 4 5 6 |  6.4
Maces & Flails | 1 2 3 4 6 7 |  7.9
Throwing       | 3 4 5 |  5.4
Armour         | 1 2 3 4 5 |  5.3
Evocations     | 1 2 3 |  3.7
Shields        | 1 |  1.3

Action                   |  1- 3 |  4- 6 |  7- 9 || total
-------------------------+-------+-------+-------++-------
Melee: Trident           |    87 |    46 |    26 ||   159
       Headbutt          |     5 |    22 |    55 ||    82
       Whip              |       |   121 |   318 ||   439
       Punch             |       |     2 |     1 ||     3
Throw: Dart              |       |       |    15 ||    15
       Boomerang         |       |       |     1 ||     1
Invok: Sacrifice Skill   |       |     1 |       ||     1
       Sacrifice Stealth |       |       |     1 ||     1
  Use: Potion            |       |       |     2 ||     2
 Stab: Distracted        |       |     1 |       ||     1
Armor: Leather armour    |    10 |       |       ||    10
       Ring mail         |     9 |     6 |       ||    15
       Scale mail        |       |    31 |   104 ||   135
Dodge: Dodged            |    45 |    90 |    98 ||   233
Block: Other             |       |    11 |    40 ||    51
       Reflection        |       |     1 |     1 ||     2
       Tower shield      |       |       |    73 ||    73

Table legend: (Time is in decaauts)
 A = Elapsed time spent in this place.
 B = Non-inter-level travel time spent in this place.
 C = Inter-level travel time spent in this place.
 D = Time resting spent in this place.
 E = Time spent auto-exploring this place.
 F = Levels seen in this place.
 G = Mean time per level.
                   A        B        C        D        E       F      G
               +--------+--------+--------+--------+--------+-----+--------+
         Total |   7700 |   7514 |    186 |    417 |   4752 |   9 |  855.6 |
       Dungeon |   7700 |   7514 |    186 |    417 |   4752 |   9 |  855.6 |
               +--------+--------+--------+--------+--------+-----+--------+

Top non-repeatable levels by time:
     D:8: 1353 daAuts
     D:7: 1215 daAuts
     D:1: 962 daAuts
     D:6: 869 daAuts
     D:4: 846 daAuts
     D:3: 811 daAuts
     D:5: 780 daAuts
     D:2: 758 daAuts
     D:9: 102 daAuts
